 Dungeon Crawl Stone Soup version 0.18-a0-739-gdae9da8 (webtiles) character file.

101 M4edhros the Charlatan (level 4, -3/28 HPs)
             Began as an Octopode Artificer on Dec 10, 2015.
             Slain by an iguana (7 damage)
             ... on level 4 of the Dungeon.
             The game lasted 00:01:17 (1378 turns).

M4edhros the Charlatan (Octopode Artificer)         Turns: 1378, Time: 00:01:17

Health: -3/28      AC:  1    Str: 10    XL:     4   Next: 75%
Magic:  7/7        EV: 12    Int: 15    God:
Gold:   51         SH:  0    Dex: 12    Spells: 0 memorised, 3 levels left

rFire  . . .     SeeInvis .     a - +0 short sword
rCold  . . .     Clarity  .     (no shield)
rNeg   . . .     SustAt   .     (helmet restricted)
rPois  .         Gourm    .     (no amulet)
rElec  .         Spirit   .     (no ring)
rCorr  .         Dismiss  .     (no ring)
rMut   .         Stasis   .     (no ring)
MR     .....                    (no ring)
Stlth  ++++......               (no ring)
                                (no ring)
                                (no ring)
                                (no ring)

@: not resistant to hostile enchantments, stealthy
A: almost no armour, amphibious, 8 rings, constrict 8, camouflage 1, gelatinous
body 1
a: no special abilities


You were on level 4 of the Dungeon.
You were very hungry.

You visited 1 branch of the dungeon, and saw 4 of its levels.

You collected 51 gold pieces.

Inventory:

Hand Weapons
 a - a +0 short sword (weapon)
Missiles
 n - 16 stones (quivered)
Jewellery
 p - an uncursed ring of protection from magic {unknown}
Wands
 b - a wand of flame (13)
 c - a wand of enslavement (13)
 d - a wand of random effects (15)
Scrolls
 h - a scroll of enchant weapon {unknown}
 i - a scroll of remove curse {unknown}
 o - a scroll of immolation {unknown}
Potions
 f - 2 potions of might {unknown}
 j - 2 potions of heal wounds {unknown}
 l - a potion of curing {unknown}
 m - a potion of invisibility {unknown}
Comestibles
 e - 2 bread rations
 g - a royal jelly
 k - a meat ration


   Skills:
 - Level 1.0 Fighting
 - Level 1.0 Short Blades
 - Level 2.0 Dodging
 + Level 4.5 Stealth
 + Level 4.7 Evocations


You had 3 spell levels left.
You didn't know any spells.

Dungeon Overview and Level Annotations

Branches:
Dungeon (4/15)
 Temple: D:4-7

Altars:
Qazlal

Annotations:
D:4 Oleczek's ghost, amateur GrFi


Innate Abilities, Weirdness & Mutations

You cannot wear most types of armour.
You are amphibious.
You can wear up to eight rings at the same time.
You can use your tentacles to constrict eight enemies at once.
Your skin changes colour to match your surroundings (Stealth).
Your rubbery body absorbs attacks (AC +1).


Message History

Found a stone staircase leading up.
The iguana hisses angrily.
The iguana bites you.
You closely miss the iguana. You grab the iguana. You squeeze the iguana.
The iguana is moderately wounded.
You constrict the iguana, but do no damage.
The iguana bites you!
You hit the iguana.
The iguana is heavily wounded.
You constrict the iguana, but do no damage.
The iguana bites you!
* * * LOW HITPOINT WARNING * * *
You release your grip on the iguana.
Evoke which item? (* to show all) (? for menu, Esc to quit)
Zapping:
c - a wand of enslavement (14)
Press: ? - help, Shift-Dir - straight line, f - iguana
Aim: an iguana (heavily wounded, chance to defeat MR: 64%)
The iguana struggles to resist.
This wand has 13 charges left.
The iguana bites you!
You die...

#....## ##....#
#.....#
##.....#
##......#
##.......#
#........#
#........#
#......#@# ##
##.....#l#
##.##
####.##.##.....
####.#......
#........
##........
##.........
##..........
#...........


You could see an iguana.

Vanquished Creatures
  Natasha (D:3)
  2 adders
  A worm (D:3)
  2 giant geckos
  2 orcs (D:3)
  3 bats (D:2)
  A giant cockroach (D:3)
  A hobgoblin (D:3)
  7 kobolds
  3 goblins
  A rat (D:1)
24 creatures vanquished.

Vanquished Creatures (collateral kills)
  An orc wizard (D:3)
  An orc (D:3)
2 creatures vanquished.

Grand Total: 26 creatures vanquished

Notes
Turn   | Place    | Note
--------------------------------------------------------------
     0 | D:1      | M4edhros the Octopode Artificer began the quest for the Orb.
     0 | D:1      | Reached XP level 1. HP: 13/13 MP: 3/3
   183 | D:1      | Reached XP level 2. HP: 18/18 MP: 4/4
   293 | D:2      | Reached skill level 4 in Evocations
   404 | D:3      | Reached XP level 3. HP: 14/23 MP: 6/6
   690 | D:4      | Noticed Oleczek's ghost (amateur GrFi)
   929 | D:3      | Noticed Natasha
   937 | D:3      | Killed Natasha
   937 | D:3      | Reached XP level 4. HP: 24/28 MP: 7/7
   994 | D:3      | Found a stormy altar of Qazlal.
  1378 | D:4      | Slain by an iguana

Vault maps used:
D:1:      dpeg_arrival_windows_large_door, tso_altar
D:2:      first_bread, hex_medium
D:3:      nicolae_qazlal_eye_of_the_storm, uniq_natasha
D:4:      grunt_pakellas_basics, elyvilon_altar_4, uniq_duvessa, uniq_sigmund,
          uniq_robin

Action                   |  1- 3 |  4- 6 || total
-------------------------+-------+-------++-------
Melee: Short sword       |    45 |    10 ||    55
Evoke: Wand              |     2 |     2 ||     4
 Stab: Sleeping          |     4 |       ||     4
